 Dungeon Crawl Stone Soup version 0.16.1-2-g95b8d4c (webtiles) character file.

471 roj the Sneak (level 7, -1/49 HPs)
             Began as an Octopode Berserker on Mar 25, 2015.
             Was a Believer of Trog.
             Slain by sugabear's ghost (2 damage)
             ... on level 4 of the Dungeon.
             The game lasted 00:31:09 (3196 turns).

roj the Sneak (Octopode Berserker)                  Turns: 3196, Time: 00:31:10

Health: -1/49      AC:  1    Str: 18    XL:     7   Next: 9%
Magic:  7/7        EV: 13    Int:  9    God:    Trog [**....]
Gold:   178        SH:  5    Dex: 12    Spells: 0 memorised, 6 levels left

rFire  . . .     SeeInvis .     z - +0 trident
rCold  . . .     Clarity  .     p - +2 buckler
rNeg   . . .     SustAb   .     (helmet restricted)
rPois  .         Gourm    .     (no amulet)
rElec  .         Spirit   .     (no ring)
rCorr  .         Warding  .     (no ring)
rMut   .         Stasis   .     (no ring)
MR     .....                    (no ring)
Stlth  ++++......               (no ring)
                                (no ring)
                                (no ring)
                                (no ring)

@: exhausted, slowed, very slow, not resistant to hostile enchantments, stealthy
A: almost no armour, amphibious, 8 rings, constrict 8, camouflage 1, gelatinous
body 1
a: Burn Spellbooks, Berserk, Trog's Hand, Renounce Religion


You were on level 4 of the Dungeon.
You worshipped Trog.
Trog was pleased with you.
You were hungry.

You visited 1 branch of the dungeon, and saw 5 of its levels.

You collected 178 gold pieces.

Inventory:

Hand weapons
 a - a +0 hand axe
 z - a +0 trident (weapon)
Missiles
 f - 47 poisoned needles (quivered)
 k - 7 needles of slowing
 y - 3 tomahawks of returning
Armour
 p - a +2 buckler (worn)
Scrolls
 g - a scroll of identify {unknown}
 i - a scroll of teleportation
 m - a scroll of blinking {unknown}
 r - a scroll of remove curse {unknown}
 t - a scroll of enchant armour {unknown}
 v - a scroll of recharging {unknown}
 x - a scroll of amnesia {unknown}
Potions
 b - a potion of might {unknown}
 d - 2 potions of lignification {unknown}
 e - a potion of brilliance {unknown}
 h - a potion of curing {unknown}
 n - a potion of mutation {unknown}
 w - a potion of beneficial mutation {unknown}
Comestibles
 c - 2 bread rations
 j - a chunk of flesh
 q - 3 fruits
 s - a meat ration


   Skills:
 + Level 4.4 Fighting
 - Level 4.4(4.5) Axes
 + Level 1.4(3.1) Polearms
 + Level 0.8 Throwing
 + Level 4.4 Dodging
 + Level 4.7 Stealth
 + Level 0.8 Shields


You had 6 spell levels left.
You didn't know any spells.

Dungeon Overview and Level Annotations

Branches:
Dungeon (5/15)
 Temple: D:4-7

Altars:
Ru
Trog

Annotations:
D:4 sugabear's ghost, experienced GrFi


Innate Abilities, Weirdness & Mutations

You cannot wear most types of armour.
You are amphibious.
You can wear up to eight rings at the same time.
You can use your tentacles to constrict many enemies at once.
Your skin changes colour to match your surroundings (Stealth).
Your rubbery body absorbs attacks (AC +1).


Message History

You completely miss sugabear's ghost.
Sugabear's ghost is moderately damaged.
You block sugabear's ghost's attack. Sugabear's ghost hits you!
You hit sugabear's ghost but do no damage.
Sugabear's ghost is moderately damaged.
Sugabear's ghost hits you. Sugabear's ghost completely misses you.
You hit sugabear's ghost.
You squeeze sugabear's ghost, but do no damage.
Sugabear's ghost is heavily damaged.
Sugabear's ghost closely misses you. Sugabear's ghost hits you!
* * * LOW HITPOINT WARNING * * *
Sugabear's ghost hits you!
* * * LOW HITPOINT WARNING * * *
Sugabear's ghost hits you.
* * * LOW HITPOINT WARNING * * *
Sugabear's ghost closely misses you. Sugabear's ghost misses you.
There is a stone staircase leading up here.
Sugabear's ghost closely misses you. Sugabear's ghost hits you.
You die...

#...........................
#..................<.......[
#[..........................
#...........)...............
#...........................
#...........................
#####........##'###'########
#......W.[...........#
#......@.............#
#####.......).)......#
#.........[[.....#
#................#
#................#
##################


You could see sugabear's ghost.

Vanquished Creatures
  An ogre (D:4)
  The ghost of Dire the Skirmisher, a weakling HOFi (D:3)
  An orc priest (D:4)
  2 hounds (D:4)
  An orc wizard (D:4)
  Ijyb (D:2)
  4 gnolls (D:3)
  8 adders
  4 worms
  A giant gecko (D:2)
  9 orcs
  A giant cockroach (D:1)
  7 hobgoblins
  2 quokkas (D:2)
  8 bats
  3 giant newts
  5 goblins
  7 kobolds
  12 rats
78 creatures vanquished.

Notes
Turn   | Place    | Note
--------------------------------------------------------------
     0 | D:1      | roj, the Octopode Berserker, began the quest for the Orb.
     0 | D:1      | Reached XP level 1. HP: 16/16 MP: 1/1
   459 | D:1      | Reached XP level 2. HP: 19/21 MP: 2/2
   646 | D:2      | Noticed Ijyb
   652 | D:2      | Killed Ijyb
   652 | D:2      | Reached skill level 1 in Stealth
   652 | D:2      | Reached XP level 3. HP: 9/26 MP: 3/3
   950 | D:2      | Reached XP level 4. HP: 23/31 MP: 4/4
  1672 | D:2      | Found a sacrificial altar of Ru.
  1914 | D:3      | Reached skill level 4 in Axes
  1914 | D:3      | Reached XP level 5. HP: 23/37 MP: 5/5
  2039 | D:3      | Noticed Dire's ghost (weakling HOFi)
  2082 | D:3      | Killed Dire's ghost
  2304 | D:3      | Acquired Trog's second power
  2472 | D:3      | Reached XP level 6. HP: 31/43 MP: 6/6
  2779 | D:5      | Entered Level 5 of the Dungeon
  2884 | D:4      | Reached skill level 1 in Polearms
  2945 | D:4      | Noticed a moth of wrath
  2946 | D:4      | Found a bloodstained altar of Trog.
  3169 | D:4      | Noticed sugabear's ghost (experienced GrFi)
  3172 | D:4      | Reached XP level 7. HP: 49/49 MP: 7/7
  3191 | D:4      | HP: 2/49 [sugabear's ghost (11)]
  3196 | D:4      | Slain by sugabear's ghost

Action                   |  1- 3 |  4- 6 |  7- 9 || total
-------------------------+-------+-------+-------++-------
Melee: Hand axe          |    47 |    22 |       ||    69
       Halberd           |       |    69 |       ||    69
       Trident           |       |    20 |    16 ||    36
Invok: Berserk           |     3 |     6 |       ||     9
  Use: Potion            |       |     2 |     1 ||     3
       Scroll            |       |     3 |       ||     3
 Stab: Sleeping          |     3 |     6 |       ||     9
       Distracted        |       |     1 |       ||     1
  Eat: Chunk             |     2 |     9 |       ||    11
       Bread ration      |       |     1 |       ||     1
